 Dungeon Crawl Stone Soup version 0.18-a0-1800-gdc7a371 (webtiles) character file.

7769 4thArraOfDagon the Thaumaturge (level 11, -5/91 HPs)
             Began as a Naga Fire Elementalist on Apr 24, 2016.
             Was an Initiate of Gozag.
             Slain by a troll (10 damage)
             ... on level 13 of the Dungeon.
             The game lasted 00:36:07 (4843 turns).

4thArraOfDagon the Thaumaturge (NaFE)               Turns: 4843, Time: 00:36:08

Health: -5/91      AC:  9    Str: 12    XL:     11   Next: 20%
Magic:  9/28       EV: 10    Int: 19    God:    Gozag
Gold:   1583       SH:  0    Dex: 12    Spells: 4 memorised, 23 levels left

rFire  . . .     SeeInvis +     l - +0 lajatang
rCold  + . .     Gourm    .     U - +2 robe {rC+}
rNeg   . . .     Faith    .     (shield currently unavailable)
rPois  +         Spirit   .     (no helmet)
rElec  .         Dismiss  .     c - +1 cloak
rCorr  +         Reflect  .     L - +0 pair of gloves
SustAt .         Harm     .     (no barding)
MR     +....                    (no amulet)
Stlth  ++........               G - +2 ring of strength
                                F - ring of resist corrosion

@: gold aura, very slightly contaminated, hasted, quick, somewhat resistant to
hostile enchantments, unstealthy
A: see invisible, deformed body, poison resistance, slowness 2, slow metabolism
1, spit poison 2, AC +3
a: Spit Poison, Potion Petition, Call Merchant, Bribe Branch, Renounce Religion


You were on level 13 of the Dungeon.
You worshipped Gozag.
Gozag was noncommittal.
You were very hungry.

You visited 2 branches of the dungeon, and saw 14 of its levels.
You also visited: Ossuary and Ice Cave.

You collected 1720 gold pieces.
You spent 82 gold pieces at shops.
You paid 55 gold pieces to Gozag.

Inventory:

Hand Weapons
 a - a +0 trident
 g - a +1 dagger of electrocution
 l - a +0 lajatang (weapon)
 o - a +0 hand axe
 u - a +0 glaive
 v - a +0 war axe
 w - a +0 flail
 y - a +2 dagger of venom
 B - a +0 dire flail
 D - a +2 dagger of protection
Armour
 c - a +1 cloak (worn)
 n - a +2 leather armour of magic resistance
 L - a +0 pair of gloves (worn)
 O - the +1 ring mail of Grace {rElec SInv}
   (You found it on level 10 of the Dungeon)

   It insulates you from electricity.
   It lets you see invisible.
 U - a +2 robe of cold resistance (worn)
Jewellery
 t - an uncursed amulet of the gourmand
 F - a ring of resist corrosion (left hand)
 G - a +2 ring of strength (right hand)
Wands
 E - a wand of iceblast (0/15)
 M - a wand of flame (22/48)
 N - a wand of confusion (21/48)
 Q - a wand of enslavement (12/24)
 R - a wand of paralysis (10/24)
Scrolls
 d - 6 scrolls of enchant weapon
 f - 2 scrolls of holy word {unknown}
 h - 3 scrolls of remove curse
 i - a scroll of immolation {unknown}
 j - 2 scrolls of fog {unknown}
 k - 3 scrolls of fear {unknown}
 q - 2 scrolls of amnesia {unknown}
 r - 2 scrolls of enchant armour {unknown}
 s - a scroll of identify
 z - a scroll of vulnerability {unknown}
 J - 2 scrolls of blinking {unknown}
 P - a scroll of recharging {unknown}
Potions
 e - a potion of degeneration
 m - a potion of curing
 p - 2 potions of berserk rage
 A - 2 potions of ambrosia
 I - a potion of cure mutation
 S - a potion of cancellation
Books
 b - a book of Flames

   Spells                             Type                      Level
   a - Flame Tongue                   Conjuration/Fire             1
   b - Throw Flame                    Conjuration/Fire             2
   c - Conjure Flame                  Conjuration/Fire             3
   d - Inner Flame                    Hexes/Fire                   3
   e - Sticky Flame                   Conjuration/Fire             4
   f - Fireball                       Conjuration/Fire             5
 C - a book of Dreams

   Spells                             Type                      Level
   a - Ensorcelled Hibernation        Hexes/Ice                    2
   b - Silence                        Hexes/Air                    5
   c - Darkness                       Hexes                        6
   d - Shadow Creatures               Summoning                    6
Miscellaneous
 H - a plain deck of changes {drawn: 1}
Comestibles
 x - a royal jelly
 T - a bread ration


   Skills:
 + Level 3.8 Fighting
 * Level 0.6 Staves
 - Level 1.5 Dodging
 - Level 3.0 Stealth
 - Level 13.4 Spellcasting
 - Level 5.0 Conjurations
 - Level 5.3 Fire Magic


You had 23 spell levels left.
You knew the following spells:

 Your Spells              Type           Power        Failure   Level  Hunger
a - Flame Tongue          Conj/Fire      ####.        1%          1    None
b - Conjure Flame         Conj/Fire      ####....     1%          3    None
c - Sticky Flame          Conj/Fire      ####....     8%          4    None
d - Fireball              Conj/Fire      ####......   17%         5    ####...


Dungeon Overview and Level Annotations

Branches:
Dungeon (13/15)            Temple (1/1) D:4            Lair (0/8) D:9
    Orc (0/2) D:9
 Vaults: D:13-14

Altars:
Ashenzari
Cheibriados
Dithmenos
Elyvilon
Fedhas
Gozag
Kikubaaqudgha
Makhleb
Nemelex Xobeh
Okawaru
Pakellas
Qazlal
Ru
Sif Muna
Trog
Vehumet
Xom
Yredelemnul
Zin
The Shining One

Shops:
D:9 *

Annotations:
D:9 PeterLawrence's ghost, novice MiFi
D:13 exclusion: orange crystal statue


Innate Abilities, Weirdness & Mutations

You cannot wear boots.
Your serpentine skin is tough (AC +3).
You have supernaturally acute eyesight.
Armour fits poorly on your strangely shaped body.
Your system is resistant to poisons.
You cover ground very slowly.
You have a slow metabolism.
You can spit poison.


Message History

The centaur warrior shoots an arrow.
The arrow hits the vampire!!
The vampire is destroyed!
Unknown command.
Unknown command.
Unknown command.
Casting: Fireball
Confirm with . or Enter, or press ? or * to list all spells.
Aiming: Fireball
Press: ? - help, Shift-Dir - straight line, f - centaur warrior, p - troll
Aim: a centaur warrior, wielding a longbow (heavily wounded)
The fireball explodes!
The fireball engulfs the centaur warrior.
The centaur warrior is almost dead.
The fireball engulfs the troll.
The troll is almost dead.
The troll bites you!
* * * LOW HITPOINT WARNING * * *
The troll claws you!
You die...
Your body crumbles into a pile of gold.

#(# #..# *,,* *,*****
#(# #..# #..# *,* #.#
#..# #..# *,* #.# #..#
#..# *,* #.# #..# #..#
*,* #.# #..# #..# *,#
#.########..# #.[####.#
#...........####(......#
#.(........@$c(........#
#########...T..W..###..#
#...####(.# *..#****
#...# #..# *....,,,
#...# #ยงยง# *.....,,
#...# #Wl# *...###*
#...# #..# *...# #...#
#<.# *,,,* #...# #..#
*,,,*


You could see a centaur warrior, a troll and a hungry ghost.

Vanquished Creatures
  A centaur warrior (D:13)
  An unseen horror (D:11)
  2 hill giants
  An ugly thing (D:13)
  A cyclops (D:13)
  2 manticores (D:11)
  Psyche (D:9)
  A centaur zombie (D:13)
  A two-headed ogre (D:9)
  3 yaks (D:13)
  2 orc warriors
  An eye of draining (D:9)
  7 ogres
  A necrophage (D:6)
  3 centaurs
  2 crocodiles
  A big kobold (D:13)
  2 giant frogs
  A wyvern skeleton (D:10)
  4 howler monkeys
  2 crimson imps
  A giant frog zombie (D:5)
  3 hounds
  3 jellies
  4 orc priests
  3 centaur skeletons
  An iguana (D:4)
  8 orc wizards
  4 worker ants
  A hound zombie (D:9)
  2 hound skeletons
  3 mummies (Ossuary)
  A worker ant zombie (D:9)
  7 adders
  2 shadow imps
  7 adder zombies
  5 worms
  3 giant geckos
  42 orcs
  4 giant cockroaches
  3 gnoll zombies (Ossuary)
  3 goblins
  4 hobgoblins
  4 jackals (D:10)
  7 kobolds
  A quokka (D:5)
  A ball python (D:1)
  3 bats (D:3)
  2 goblin zombies (Ossuary)
  A hobgoblin zombie (Ossuary)
  3 jackal skeletons
  2 kobold zombies (Ossuary)
  2 quokka zombies (Ossuary)
  5 rats
  2 rat zombies (Ossuary)
187 creatures vanquished.

Vanquished Creatures (others)
  A vampire (D:13)
1 creature vanquished.

Grand Total: 188 creatures vanquished

Notes
Turn   | Place    | Note
--------------------------------------------------------------
     0 | D:1      | 4thArraOfDagon the Naga Fire Elementalist began the quest for the Orb.
     0 | D:1      | Reached XP level 1. HP: 15/15 MP: 3/3
    81 | D:3      | Reached XP level 2. HP: 22/22 MP: 5/5
    82 | D:3      | Noticed a phantom
   187 | D:2      | Found a white marble altar of Elyvilon.
   189 | D:2      | Found a sacrificial altar of Ru.
   197 | D:2      | Found a glowing silver altar of Zin.
   206 | D:2      | Became a worshipper of Ru the Awakened
   236 | D:2      | Reached XP level 3. HP: 21/28 MP: 0/6
   311 | D:3      | Learned a level 3 spell: Conjure Flame
   620 | D:3      | Reached XP level 4. HP: 27/36 MP: 5/7
   764 | D:4      | Found a staircase to the Ecumenical Temple.
   787 | Temple   | Entered the Ecumenical Temple
   821 | Temple   | Fell from the grace of Ru
   821 | Temple   | Became a worshipper of Gozag Ym Sagoz the Greedy
   873 | D:4      | Found a bloodstained altar of Trog.
   972 | D:4      | Reached XP level 5. HP: 42/42 MP: 4/8
   991 | D:4      | Learned a level 4 spell: Sticky Flame
   996 | D:5      | Entered Level 5 of the Dungeon
  1059 | D:5      | Found a sand-covered staircase.
  1066 | Ossuary  | Entered an ossuary
  1378 | D:5      | Noticed a centaur
  1452 | D:4      | Reached XP level 6. HP: 34/49 MP: 7/10
  1555 | D:4      | Reached skill level 3 in Spellcasting
  1648 | D:4      | ROFL
  1728 | D:5      | Reached skill level 4 in Spellcasting
  1805 | D:5      | Reached XP level 7. HP: 28/55 MP: 7/14
  1851 | D:5      | Reached skill level 5 in Spellcasting
  1981 | D:5      | Reached skill level 6 in Spellcasting
  2061 | D:5      | Reached XP level 8. HP: 36/62 MP: 4/18
  2083 | D:5      | Reached skill level 7 in Spellcasting
  2522 | D:6      | Found an iron altar of Okawaru.
  2579 | D:6      | Found a deep blue altar of Sif Muna.
  2579 | D:6      | Found a radiant altar of Vehumet.
  2602 | D:6      | Reached skill level 8 in Spellcasting
  2823 | D:7      | Found a sparkling altar of Nemelex Xobeh.
  2877 | D:7      | Reached skill level 9 in Spellcasting
  2877 | D:7      | Reached XP level 9. HP: 65/68 MP: 13/22
  3166 | D:9      | Reached skill level 5 in Fire Magic
  3201 | D:9      | LAGS
  3204 | D:9      | Noticed PeterLawrence's ghost (novice MiFi)
  3237 | D:9      | Found Feuskiu's General Store.
  3244 | D:9      | Found a staircase to the Lair.
  3248 | D:9      | Bought a scroll of identify for 30 gold pieces
  3248 | D:9      | Bought a scroll of magic mapping for 52 gold pieces
  3293 | D:8      | Noticed a two-headed ogre
  3370 | D:9      | Noticed a two-headed ogre
  3374 | D:9      | Killed a two-headed ogre
  3374 | D:9      | Reached skill level 5 in Conjurations
  3385 | D:10     | Entered Level 10 of the Dungeon
  3395 | D:10     | Got an encrusted ring mail
  3420 | D:10     | Identified the +1 ring mail of Grace {rElec SInv} (You found it on level 10 of the Dungeon)
  3589 | D:9      | Noticed Psyche
  3593 | D:9      | Reached skill level 10 in Spellcasting
  3726 | D:9      | Killed Psyche
  3807 | D:9      | Learned a level 5 spell: Fireball
  4035 | D:9      | Found a staircase to the Orcish Mines.
  4221 | D:11     | Found a snail-covered altar of Cheibriados.
  4221 | D:11     | Noticed a manticore
  4226 | D:11     | Killed a manticore
  4226 | D:11     | Reached skill level 11 in Spellcasting
  4226 | D:11     | Reached XP level 10. HP: 48/75 MP: 16/25
  4264 | D:11     | Noticed a manticore
  4268 | D:11     | Noticed a hill giant
  4278 | D:11     | Noticed a cyclops
  4278 | D:11     | Killed a manticore
  4284 | D:11     | Noticed an unseen horror
  4287 | D:11     | Killed a hill giant
  4291 | D:11     | Killed an unseen horror
  4291 | D:11     | Reached skill level 12 in Spellcasting
  4312 | D:12     | Noticed a hill giant
  4343 | D:13     | Noticed a brown ugly thing
  4350 | D:13     | Killed a brown ugly thing
  4385 | D:13     | Noticed an orange crystal statue
  4386 | D:13     | Noticed a tengu warrior
  4386 | D:13     | Noticed a tengu warrior
  4497 | D:13     | Reached skill level 13 in Spellcasting
  4524 | D:13     | Found a frozen archway.
  4527 | D:13     | Noticed a centaur warrior
  4544 | D:13     | Killed a centaur warrior
  4544 | D:13     | Reached XP level 11. HP: 20/81 MP: 25/28
  4556 | D:13     | Reached skill level 1 in Fighting
  4588 | D:13     | Noticed a cyclops
  4615 | D:13     | Killed a cyclops
  4631 | D:13     | Noticed a hill giant
  4646 | D:13     | Killed a hill giant
  4674 | IceCv    | Entered an ice cave
  4831 | D:13     | Noticed a centaur warrior
  4832 | D:13     | RIP
  4843 | D:13     | Slain by a troll

Vault maps used:
D:1:      onia_arrival_handbag
D:2:      grunt_temple_overflow_open, uniq_sigmund
D:3:      first_bread, gup_sewer_entry_spiral, hangedman_decor_points,
          uniq_natasha, uniq_crazy_yiuf_cottage
D:4:      lightli_temple_of_fire, temple_doors_e
D:5:      lightli_ossuary_entry_decrepit_ruins
D:6:      minitemple, okawaru_gym_becter
D:7:      nemelex_deck, serial_shops, shop, uniq_pikel
D:9:      lair_0_dummy, hiddenorc1_lemuel, serial_shops, shop, uniq_psyche
D:11:     serial_shops, shop, basic_altar, blue_anna_alchemist, minmay_radiant
D:13:     david_vaults_4, portal_ice_cave_entry_pillars_02, minivault_16
Temple:   circular_temple_12
Ossuary:  ossuary_minmay_chase
IceCv:    ice_cave_caverns_03

Skill      XL: |  1  2  3  4  5  6  7  8  9 10 11 |
---------------+----------------------------------+-----
Conjurations   | 2 3 4 5 |  5.0
Fire Magic     | 4 5 |  5.3
Spellcasting   | 4 6 9 11 13 | 13.4
Fighting       | 3 |  3.8
Staves         | |  0.6
Dodging        | |  1.5
Stealth        | |  3.0

Action                   |  1- 3 |  4- 6 |  7- 9 | 10-12 || total
-------------------------+-------+-------+-------+-------++-------
Melee: Unarmed           |     6 |     3 |       |       ||     9
       Hand axe          |       |    68 |       |       ||    68
       Trident           |       |     9 |    31 |       ||    40
       War axe           |       |     2 |    84 |       ||    86
       Flail             |       |       |    18 |       ||    18
       Dire flail        |       |       |    34 |       ||    34
       Dagger            |       |       |    69 |    56 ||   125
Throw: Throwing net      |       |     1 |       |       ||     1
 Cast: Flame Tongue      |    25 |    54 |   144 |    29 ||   252
       Conjure Flame     |       |     7 |    11 |    12 ||    30
       Sticky Flame      |       |       |    18 |     8 ||    26
       Fireball          |       |       |       |     4 ||     4
 Abil: Spit Poison       |    21 |    13 |    17 |       ||    51
Evoke: Wand              |       |       |     1 |     1 ||     2
       Deck              |       |       |       |     1 ||     1
  Use: Scroll            |     1 |     3 |     7 |     4 ||    15
       Potion            |       |     1 |       |     8 ||     9
 Stab: Sleeping          |       |       |     1 |     1 ||     2
  Eat: Chunk             |     1 |     1 |       |       ||     2
       Beef jerky        |       |     1 |     1 |       ||     2
       Bread ration      |       |     1 |     1 |       ||     2
       Royal jelly       |       |       |     1 |     1 ||     2
Armor: Robe              |    12 |       |     7 |    21 ||    40
       Leather armour    |       |    32 |   129 |       ||   161
Dodge: Dodged            |    11 |    43 |   136 |    34 ||   224
